 Dungeon Crawl Stone Soup version 0.28.0 (webtiles) character file.

Game seed: 16914952883362208620

41688 BALLS the Carver (level 14, -3/82 HPs)
             Began as a Vine Stalker Fighter on Feb 4, 2022.
             Was the Champion of Okawaru.
             Slain by an entropy weaver simulacrum (7 damage)
             ... in an ice cave.
             The game lasted 00:37:48 (14903 turns).

BALLS the Carver (Vine Stalker Fighter)            Turns: 14903, Time: 00:37:52

Health: -3/82      AC: 17    Str: 25    XL:     14   Next: 16%
Magic:  0/18       EV:  8    Int:  8    God:    Okawaru [******]
Gold:   755        SH: 10    Dex: 13    Spells: 13/13 levels left

rFire   . . .      SeeInvis .   D - +3 scimitar
rCold   . . .      Faith    .   P - +0 kite shield
rNeg    . . .      Spirit   +   K - +2 scale mail {rPois}
rPois   +          Reflect  .   h - +1 helmet
rElec   +          Harm     .   (no cloak)
rCorr   +          Rampage  .   y - +0 pair of gloves
Will    ++...                   (no boots)
Stlth   ..........              e - amulet of the acrobat
HPRegen 1.03/turn               u - +4 ring of protection
MPRegen 0.16/turn               M - ring "Qiysko" {rElec Will+ rCorr}

@: no status effects
A: fangs 3, regeneration 1, magic shield, antimagic bite, no potion heal 2
a: Renounce Religion, Heroism, Finesse, Duel


You were in an ice cave.
You worshipped Okawaru.
Okawaru was exalted by your worship.
You visited 3 branches of the dungeon, and saw 17 of its levels.
You also visited: Ossuary and Ice Cave.

You collected 755 gold pieces.

Inventory:

Hand Weapons
 s - the +7 hand axe of Urijoib {flame, rPois Int+5}
   (You found it on level 6 of the Dungeon)

   It burns those it strikes, dealing additional fire damage.
   Big, fiery blades are also staple armaments of hydra-hunters.
   Int:       It affects your intelligence (+5).
   rPois:     It protects you from poison.
 D - a +3 scimitar (weapon)
Missiles
 E - a boomerang of dispersal (quivered)
Armour
 h - a +1 helmet (worn)
 l - the +3 leather armour of Follow the Leader {rPois rN+ Int+8}
   (You found it on level 2 of the Dungeon)

   Int:       It affects your intelligence (+8).
   rPois:     It protects you from poison.
   rN:        It protects you from negative energy.
 y - a +0 pair of gloves (worn)
 K - a +2 scale mail of poison resistance (worn)
 L - a +1 scale mail of fire resistance
 P - a +0 kite shield (worn)
 T - a +1 hat of stealth
Jewellery
 e - an amulet of the acrobat (around neck)
 u - a +4 ring of protection (left hand)
 w - a +4 ring of evasion
 I - a ring of willpower
 M - the ring "Qiysko" (right hand) {rElec Will+ rCorr}
   (You found it on level 10 of the Dungeon)

   [ring of willpower]

   rElec:     It insulates you from electricity.
   rCorr:     It protects you from acid and corrosion.
   Will:      It increases your willpower.
Wands
 a - a wand of acid (8)
 j - a wand of paralysis (9)
 r - a wand of charming (17)
 G - a wand of digging (5)
Scrolls
 b - 4 scrolls of fear
 c - a scroll of magic mapping
 d - 3 scrolls of amnesia
 f - 6 scrolls of teleportation
 q - 2 scrolls of noise {unknown}
 t - 3 scrolls of fog
 B - 4 scrolls of immolation
 C - a scroll of blinking {unknown}
 N - a scroll of enchant armour {unknown}
 O - a scroll of brand weapon {unknown}
 Q - 2 scrolls of vulnerability {unknown}
 R - a scroll of holy word {unknown}
 S - a scroll of identify
Potions
 g - 12 potions of curing
 i - 2 potions of resistance
 k - a potion of berserk rage {unknown}
 m - 2 potions of cancellation
 n - 6 potions of brilliance
 o - 2 potions of might
 p - 4 potions of heal wounds
 v - 2 potions of degeneration {unknown}
 x - a potion of flight {unknown}
 z - 2 potions of haste {unknown}
 A - a potion of lignification {unknown}
 F - 2 potions of attraction {unknown}
 J - a potion of ambrosia {unknown}
Miscellaneous
 H - a lightning rod (4/4)


   Skills:
 + Level 13.2 Fighting
 - Level 14.0 Long Blades
 - Level 8.0 Armour
 - Level 8.0 Shields
 - Level 5.0 Invocations


You had 13 spell levels left.
You didn't know any spells.
Your spell library contained the following spells:

 Spells                   Type           Power      Damage    Failure   Level
 Apportation              Tloc           0%         N/A       92%         1
 Freeze                   Ice            0%         1d3       92%         1
 Sandblast                Erth           0%         2d4       92%         1
 Shock                    Conj/Air       0%         1d3       92%         1
 Slow                     Hex            0%         N/A       92%         1
 Blink                    Tloc           0%         N/A       98%         2
 Passwall                 Tmut/Erth      0%         N/A       98%         2
 Scorch                   Fire           0%         2d5       98%         2
 Static Discharge         Conj/Air       0%         N/A       98%         2
 Confusing Touch          Hex            0%         N/A       100%        3
 Frozen Ramparts          Ice            0%         1d2       100%        3
 Inner Flame              Hex/Fire       0%         N/A       100%        3
 Lesser Beckoning         Tloc           0%         N/A       100%        3
 Stone Arrow              Conj/Erth      0%         3d7       100%        3
 Swiftness                Air            0%         N/A       100%        3
 Vampiric Draining        Necr           0%         2d6       100%        3
 Airstrike                Air            0%         N/A       100%        4
 Cause Fear               Hex            0%         N/A       100%        4
 Dispel Undead            Necr           0%         3d6       100%        4
 Flame Wave               Conj/Fire      0%         2d4       100%        4
 Hailstorm                Conj/Ice       0%         3d3       100%        4
 Passage of Golubria      Tloc           0%         N/A       100%        4
 Sticky Flame             Conj/Fire      0%         2d3       100%        4
 Alistair's Intoxication  Tmut/Pois      0%         N/A       100%        5
 Borgnjor's Vile Clutch   Necr/Erth      0%         N/A       100%        5
 Manifold Assault         Tloc           0%         N/A       100%        5
 Yara's Violent Unravell  Hex/Tmut       0%         3d3       100%        5
 Eringya's Noxious Bog    Tmut/Pois      0%         N/A       100%        6
 Storm Form               Tmut/Air       0%         N/A       100%        7
 Discord                  Hex            0%         N/A       100%        8
 Animate Skeleton         Necr           Unusable   N/A       N/A         1
 Summon Small Mammal      Summ           Unusable   N/A       N/A         1
 Tukima's Dance           Hex            Unusable   N/A       N/A         3
 Summon Cactus Giant      Summ           Unusable   N/A       N/A         6

Dungeon Overview and Level Annotations

Branches:
Dungeon (11/15)            Temple (1/1) D:4            Lair (5/6) D:8
  Swamp (0/4) Lair:3        Snake (0/4) Lair:2        Slime (0/5) Lair:5
Ossuary (visited)           IceCv (1/1)
    Orc: D:9-12

Altars:
Ashenzari
Cheibriados
Dithmenos
Elyvilon
Fedhas
Gozag
Hepliaklqana
Kikubaaqudgha
Makhleb
Nemelex Xobeh
Okawaru
Qazlal
Ru
Sif Muna
Trog
Uskayaw
Vehumet
Wu Jian
Xom
Yredelemnul
Zin
The Shining One
Jiyva

Shops:
D:1 =   D:5 :(

Annotations:
Lair:3 exclusion: oklob plant
Lair:4 3 runed translucent doors, exclusion: oklob plant, valinor000's ghost, journeyman MiFi


Innate Abilities, Weirdness & Mutations

You have razor-sharp teeth.
Your natural rate of healing is unusually fast.
When hurt, damage is shared between your health and your magic reserves.
Your bite disrupts and absorbs the magic of your enemies.
Potions cannot restore your health.


Message History

You destroy the ice statue!
Okawaru accepts your kill.
The ice beast disappears in a puff of smoke! x2
You are engulfed in freezing vapours.
You are engulfed in freezing vapours.
* * * LOW HITPOINT WARNING * * *
You start resting.
f - 6 scrolls of teleportation (gained 1)
Found a scale mail of cold resistance.
Found a pair of boots.
You open the door.
There is an open door here.
You open the door.
An entropy weaver simulacrum comes into view.
You hit the entropy weaver simulacrum.
Your bite misses the entropy weaver simulacrum.
The entropy weaver simulacrum is lightly damaged.
The entropy weaver simulacrum hits you but does no damage.
You block the entropy weaver simulacrum's attack.
The entropy weaver simulacrum barely misses you. x2
You slash the entropy weaver simulacrum!
You bite the entropy weaver simulacrum. You drain its power.
The entropy weaver simulacrum is heavily damaged.
The entropy weaver simulacrum hits you!
The entropy weaver simulacrum freezes you!!
The entropy weaver simulacrum hits you but does no damage. x2
You block the entropy weaver simulacrum's attack.
You slash the entropy weaver simulacrum!
You bite the entropy weaver simulacrum. You drain its power.
You feel invigorated.
The entropy weaver simulacrum is almost destroyed.
The entropy weaver simulacrum hits you!
The entropy weaver simulacrum freezes you!!
The entropy weaver simulacrum hits you but does no damage.
The entropy weaver simulacrum hits you!
* * * LOW HITPOINT WARNING * * *
The entropy weaver simulacrum freezes you!!
* * * LOW HITPOINT WARNING * * *
The entropy weaver simulacrum hits you!
You die...

#.####...####.#
###.4#...#4.#
#⌠[##'##[⌠#
##+#...#+##
#...# #...###
#...#.#
#+#...#Z#
+.....@.+
#.8...8.#
+.......+
#.8...8.#
...........
###.8...8.###
+.......+
#.8...8.#


You could see an entropy weaver simulacrum.

Vanquished Creatures
  6 hydras
  2 boulder beetles
  A catoblepas (D:8)
  4 centaur warriors
  3 death yaks
  2 two-headed ogres (D:10)
  A death knight (D:9)
  A tengu warrior (D:9)
  2 cyclopes
  3 black mambas
  2 ice statues (IceCv)
  11 elephants
  9 cane toads
  4 torpor snails (Lair:1)
  2 rime drakes
  8 komodo dragons
  A tengu conjurer (D:8)
  A freezing wraith (D:9)
  4 ice devils (IceCv)
  2 slime creatures
  2 trolls (D:10)
  A polar bear (Lair:1)
  2 hornets
  A blink frog (Lair:1)
  Sigmund (D:3)
  4 wyverns
  25 yaks
  A vampire (D:7)
  4 basilisks
  2 steam dragons
  2 vampire mosquitoes
  A naga (Lair:2)
  An acid dragon (D:8)
  16 water moccasins
  5 orc warriors
  A swamp drake (Lair:3)
  An ice beast (D:6)
  4 black bears
  5 ogres
  6 centaurs
  12 wolves
  5 elf zombies (Ossuary)
  17 bullfrogs
  3 kobold brigands
  12 killer bees
  A water moccasin skeleton (D:6)
  6 wights
  A howler monkey (D:3)
  2 electric eels
  A bullfrog zombie (D:5)
  5 centaur zombies
  3 jellies
  6 orc priests
  4 hounds
  4 human zombies (Ossuary)
  3 bullfrog skeletons
  2 gnoll shamans
  An iguana (D:4)
  A troll simulacrum (IceCv)
  12 orc wizards
  A centaur simulacrum (D:9)
  3 mummies (Ossuary)
  A howler monkey zombie (D:8)
  Robin (D:2)
  14 gnolls
  A howler monkey skeleton (D:5)
  A naga simulacrum (IceCv)
  8 adders
  A shadow imp (D:6)
  13 white imps
  2 ufetubi
  2 adder skeletons
  2 worms
  2 dart slugs
  36 orcs
  A bat skeleton (D:2)
  2 bat zombies (D:2)
  4 endoplasms
  2 giant cockroaches
  15 goblins
  12 hobgoblins
  5 jackals
  21 kobolds
  7 quokkas
  7 ball pythons
  A ball python zombie (D:2)
  8 bats
  6 frilled lizards
  A giant cockroach zombie (D:2)
  3 rats
438 creatures vanquished.

Vanquished Creatures (others)
  An orc wizard (D:7)
  An orc zombie (D:11)
  15 fungi
  29 plants
46 creatures vanquished.

Grand Total: 484 creatures vanquished

Notes
Turn   | Place    | Note
-------+----------+-------------------------------------------
     0 | D:1      | BALLS the Vine Stalker Fighter began the quest for the Orb.
     0 | D:1      | Reached XP level 1. HP: 11/11 MP: 2/2
     4 | D:1      | Found Qugobem's Jewellery Emporium.
    16 | D:1      | Reached skill level 2 in Long Blades
    64 | D:1      | Reached XP level 2. HP: 14/16 MP: 1/3
   150 | D:1      | Found a faded altar of an unknown god.
   473 | D:1      | Reached skill level 3 in Long Blades
   527 | D:1      | Reached XP level 3. HP: 19/19 MP: 4/4
  1017 | D:2      | Noticed Robin
  1351 | D:2      | Killed Robin
  1352 | D:2      | Gained mutation: Your natural rate of healing is unusually
                  | fast. [Vine Stalker growth]
  1352 | D:2      | Reached XP level 4. HP: 13/23 MP: 3/5
  1457 | D:2      | Reached skill level 4 in Long Blades
  1610 | D:2      | Reached XP level 5. HP: 22/27 MP: 2/6
  1733 | D:2      | Found a sparkling altar of Nemelex Xobeh.
  1981 | D:2      | Identified the +3 leather armour of Follow the Leader
                  | {rPois rN+ Int+8}
  2088 | D:3      | Found a burning altar of Makhleb.
  2104 | D:3      | Noticed an Executioner
  2523 | D:3      | Noticed Sigmund
  2542 | D:3      | Killed Sigmund
  2543 | D:3      | Reached skill level 6 in Long Blades
  2543 | D:3      | Reached XP level 6. HP: 16/32 MP: 3/7
  2862 | D:3      | Reached XP level 7. HP: 34/35 MP: 8/8
  3163 | D:4      | Reached skill level 7 in Long Blades
  3228 | D:4      | Found a hide-covered altar of Uskayaw.
  3647 | D:4      | Found a staircase to the Ecumenical Temple.
  3703 | Temple   | Entered the Ecumenical Temple
  4441 | D:5      | Entered Level 5 of the Dungeon
  4456 | D:5      | Found Iloluv's Book Emporium.
  4847 | D:4      | Reached skill level 5 in Fighting
  4847 | D:4      | Gained mutation: You have razor-sharp teeth. [Vine Stalker
                  | growth]
  4847 | D:4      | Reached XP level 8. HP: 28/43 MP: 4/9
  5078 | D:5      | Found Ikuugiav's Weapon Shop.
  5408 | D:6      | Identified the +7 hand axe of Urijoib {flame, rPois Int+5}
  5425 | D:6      | Reached skill level 5 in Shields
  5709 | D:6      | HP: 1/43 [orc warrior (14)]
  5952 | D:6      | Reached skill level 5 in Armour
  5952 | D:6      | Reached XP level 9. HP: 32/47 MP: 5/10
  6616 | D:7      | Found a sand-covered staircase.
  6623 | Ossuary  | Entered an ossuary
  6974 | D:7      | Found a shadowy altar of Dithmenos.
  7005 | D:7      | Found a shimmering altar of Xom.
  7093 | D:7      | Found a shimmering blue altar of Sif Muna.
  7311 | D:7      | Reached XP level 10. HP: 35/57 MP: 5/11
  7459 | D:8      | Noticed a catoblepas
  7505 | D:8      | Noticed a cyclops
  7706 | D:7      | Killed a cyclops
  7707 | D:7      | Reached skill level 10 in Fighting
  7771 | D:8      | Reached skill level 8 in Long Blades
  7848 | D:8      | Found a staircase to the Lair.
  7851 | D:8      | Found a flagged portal.
  7959 | D:8      | Found a sparkling altar of Nemelex Xobeh.
  8006 | D:8      | Noticed a centaur warrior
  8020 | D:8      | Killed a centaur warrior
  8021 | D:8      | Reached skill level 9 in Long Blades
  8105 | D:8      | Noticed a centaur warrior
  8123 | D:8      | Killed a centaur warrior
  8124 | D:8      | Reached XP level 11. HP: 38/63 MP: 10/12
  8145 | D:8      | Reached skill level 10 in Long Blades
  8297 | D:8      | Noticed a cyclops
  8314 | D:8      | Killed a cyclops
  8332 | Lair:1   | Entered Level 1 of the Lair of Beasts
  8429 | Lair:1   | Found a snail-covered altar of Cheibriados.
  8632 | Lair:1   | Reached skill level 11 in Long Blades
  8997 | Lair:1   | Found an iron altar of Okawaru.
  9003 | Lair:1   | Became a worshipper of Warmaster Okawaru
  9038 | Lair:1   | Reached skill level 1 in Invocations
  9345 | Lair:2   | Reached * piety under Okawaru
  9514 | Lair:2   | Noticed a boulder beetle
  9577 | D:8      | Noticed a manticore
  9655 | D:8      | Killed a catoblepas
  9667 | D:8      | Reached ** piety under Okawaru
  9668 | D:8      | Reached skill level 5 in Invocations
 10013 | D:9      | Noticed a death knight
 10023 | D:9      | Killed a death knight
 10024 | D:9      | Reached XP level 12. HP: 67/67 MP: 16/16
 10027 | D:9      | Noticed a centaur warrior
 10036 | D:9      | Killed a centaur warrior
 10082 | D:9      | Noticed a centaur warrior
 10092 | D:9      | Killed a centaur warrior
 10124 | D:9      | Reached *** piety under Okawaru
 10143 | D:9      | Noticed a tengu warrior
 10153 | D:9      | Killed a tengu warrior
 10327 | D:9      | Found an iron altar of Okawaru.
 10458 | D:9      | Found a sacrificial altar of Ru.
 10558 | D:10     | Entered Level 10 of the Dungeon
 10572 | D:10     | Reached skill level 12 in Long Blades
 10664 | D:10     | Identified the ring "Qiysko" {rElec Will+ rCorr}
 10699 | D:10     | Reached **** piety under Okawaru
 10745 | D:10     | Noticed a two-headed ogre
 10752 | D:10     | Killed a two-headed ogre
 11443 | D:11     | Noticed a two-headed ogre
 11443 | D:11     | Noticed a centaur warrior
 11461 | D:10     | Killed a two-headed ogre
 11585 | Lair:2   | Noticed a five-headed hydra
 11599 | Lair:2   | Killed a one-headed hydra
 11659 | Lair:2   | Reached skill level 13 in Long Blades
 11746 | Lair:2   | Reached ***** piety under Okawaru
 11809 | Lair:2   | Found a staircase to the Snake Pit.
 11922 | Lair:2   | Killed a boulder beetle
 11971 | Lair:2   | Reached XP level 13. HP: 70/74 MP: 15/17
 12476 | Lair:3   | Found a burning altar of Makhleb.
 12512 | Lair:3   | Found a staircase to the Swamp.
 13075 | Lair:3   | Reached skill level 14 in Long Blades
 13474 | Lair:4   | Identified the +2 scale mail "Wocian" {Drain rN+ Int+2}
                  | (Okawaru gifted it to you on level 4 of the Lair of Beasts)
 13474 | Lair:4   | Received a gift from Okawaru
 13946 | Lair:4   | Found a runed translucent gate.
 13947 | Lair:4   | Found a runed translucent gate.
 13947 | Lair:4   | Noticed valinor000's ghost (journeyman MiFi)
 13948 | Lair:4   | Found a runed translucent gate.
 14346 | Lair:5   | Found a viscous altar of Jiyva.
 14346 | Lair:5   | Found a staircase to the Slime Pits.
 14418 | Lair:5   | Reached XP level 14. HP: 26/81 MP: 10/18
 14583 | Lair:5   | Found a frozen archway.
 14623 | IceCv    | Entered an ice cave
 14740 | IceCv    | Reached ****** piety under Okawaru
 14740 | IceCv    | Received a gift from Okawaru
 14903 | IceCv    | HP: 4/82 [entropy weaver simulacrum (18)]
 14903 | IceCv    | Slain by an entropy weaver simulacrum

Illustrated notes

Levels and vault maps discovered:
D:1:      minmay_arrival_arboretum_small, layout_basic, serial_shops, shop,
          shapermc_ecumenical_altar_mp_highgroup
D:2:      layout_loops_cross, basic_altar, serial_undead, serial_undead_a,
          serial_undead_d, serial_undead_e, serial_undead_a,
          kennysheep_generic_room_5, uniq_robin
D:3:      layout_loops_ring, makhleb_altar_promises_db, serial_forest,
          infiniplex_forest_lined_corner, infiniplex_forest_corner_2,
          infiniplex_forest_clump_small, infiniplex_forest_end_3,
          infiniplex_forest_lined_1, infiniplex_forest_lined_room_2,
          infiniplex_forest_straight_4, uniq_sigmund
D:4:      layout_layer_cave, mainiacjoe_overflow_brackets,
          minmay_temple_entry_ruins
D:5:      layout_loops_corners, serial_shops, nicolae_shop_window_shopping, shop
D:6:      layout_cave_pools, minmay_misc_feat_cross, minmay_misc_feat_rows,
          minivault_1, minmay_a_box_with_orc_wizards_in_it
D:7:      layout_basic, overflow_temple_1_default,
          mainiacjoe_overflow_catch_the_wave, chequers_ossuary_entry_cave
D:8:      minmay_cut_squares, layout_cave_pools,
          nemelex_xobeh_ov_fountains_minmay, david_lair_shrubbed, enter_bailey_2
D:9:      layout_basic, nicolae_ru_path_of_blood, overflow_temple_1_default,
          minmay_evil_grid
D:10:     minmay_spotlight, layout_irregular_city, serial_bayou_pond_e
D:11:     layout_cave_pools, zombieorc2_lemuel, uniq_snorg
Temple:   zaba_magenta_temple
Lair:1:   layout_cave_shapes, basic_altar, serial_bayou_pond_b,
          kennysheep_snail_temple
Lair:2:   layout_regular_city, guppyfry_snake_entry_garden,
          chequers_serial_rivers_micro_e, beast_lair_carwin_11,
          grunt_megastairs_3
Lair:3:   layout_gridlike, minmay_swamp_entry_reptiles,
          chequers_serial_rivers_micro_a, chequers_serial_rivers_small_a,
          lemuel_oklob_altar, infiniplex_staircase_pool_2
Lair:4:   layout_hall_layers, ebering_ghost_rock_garden
Lair:5:   layout_small_grid, slime_altar_1, portal_ice_cave_entry_imps,
          basic_altar, nicolae_lair_lindhole, infiniplex_staircase_pool
IceCv:    ice_cave_tombish

Skill      XL: |  1  2  3  4  5  6  7  8  9 10 11 12 13 14 |
---------------+-------------------------------------------+-----
Long Blades    | 2 3 4 6 7 9 11 13 14 | 14.0
Fighting       | 5 8 10 11 12 13 | 13.2
Shields        | 3 5 6 8 |  8.0
Armour         | 5 8 |  8.0
Invocations    | 5 |  5.0

Action                   |  1- 3 |  4- 6 |  7- 9 | 10-12 | 13-15 || total
-------------------------+-------+-------+-------+-------+-------++-------
Melee: Long sword        |   111 |   156 |   208 |       |       ||   475
       Bite              |    21 |    32 |   109 |   195 |   193 ||   550
       Hand axe          |       |       |   185 |    12 |    34 ||   231
       Scimitar          |       |       |       |   569 |   427 ||   996
Invok: Heroism           |       |       |       |     6 |     2 ||     8
       Finesse           |       |       |       |     1 |       ||     1
  Use: Potion            |       |     1 |       |     1 |       ||     2
       Scroll            |       |     5 |     4 |     5 |     2 ||    16
 Stab: Sleeping          |       |       |       |     1 |       ||     1
Armor: Scale mail        |    57 |    31 |       |    93 |   216 ||   397
       Leather armour    |       |    31 |   166 |   115 |       ||   312
Dodge: Dodged            |    62 |    57 |   186 |   341 |   185 ||   831
Block: Buckler           |    32 |    33 |    79 |   137 |    73 ||   354
       Kite shield       |       |       |       |       |    82 ||    82
